 Dungeon Crawl Stone Soup version 0.27.1-1-g398f81649c (webtiles) character file.

Game seed: 3989313132417651714

258477 ABBCCCDDDD the Warrior (level 20, -4/198 HPs)
             Began as an Octopode Monk on Sept 15, 2021.
             Was an Initiate of Gozag.
             Hit by a silver javelin thrown by a merfolk javelineer (9 damage)
             ... on level 1 of the Shoals.
             The game lasted 01:39:38 (55083 turns).

ABBCCCDDDD the Warrior (Octopode Monk)             Turns: 55083, Time: 01:39:38

Health: -4/198     AC: 34    Str: 20      XL:     20   Next: 29%
Magic:  31/34      EV: 13    Int: 32 (33) God:    Gozag
Gold:   4727       SH: 27    Dex: 17 (18) Spells: 15/39 levels left

rFire    + + .     SeeInvis +   y - +8 demon trident "Rift" {distort, reach+}
rCold    + + .     Faith    .   R - +8 kite shield "Agysofaq" {Int+6}
rNeg     + + .     Spirit   .   n - +2 hat {Will+}
rPois    ∞         Reflect  +   X - amulet "Baelayfe" {Reflect rC+ Dex+7 Slay-3 SH+5}
rElec    +         Harm     .   S - ring of protection from fire
rCorr    +         Rampage  .   H - ring "Puiliup" {Wiz Drain rPois Str+9 Int+2 Dex-3}
Will     +++..     Rnd*Tele +   m - ring of protection from fire
Stlth    ++++......             v - ring of protection from cold
HPRegen  0.43/turn              D - ring of Nanayranod {rPois rCorr Int+6 SInv Stlth-}
MPRegen  0.24/turn              K - ring of positive energy
                                V - +4 ring of protection
                                W - ring of willpower

@: statue-form, studying 2 skills, very slow
A: slow and powerful, torment resistance 1, boosted hp, almost no armour,
amphibious, 8 rings, camouflage 1, (gelatinous body 1), (nimble swimmer 1),
tentacles, clumsy 1, teleportitis 1
}: 1/15 runes: gossamer
a: End Transformation, Renounce Religion, Potion Petition, Call Merchant, Bribe
Branch


You were on level 1 of the Shoals.
You worshipped Gozag.
Gozag was most pleased with you.
You were a living statue of rough stone.
You visited 7 branches of the dungeon, and saw 32 of its levels.
You also visited: Ossuary, Ice Cave and Desolation.

You collected 10369 gold pieces.
You spent 3848 gold pieces at shops.
You paid 1794 gold pieces to Gozag.

Inventory:

Hand Weapons
 w - the +7 bardiche of Qazlal's Vengeance {holy, *Rage Fly rN++}
   (You found it in the Desolation of Salt)

   It has been blessed by the Shining One to cause great damage to the undead
   and demons.
   rN:        It greatly protects you from negative energy.
   Fly:       It grants you flight.
   *Rage:     It may make you go berserk in combat.
 y - the +8 demon trident "Rift" (weapon) {distort, reach+}
   (You acquired it on level 14 of the Dungeon)

   It warps and distorts space around it, and may blink, banish, or inflict
   extra damage upon those it strikes.
   Unwielding it can cause banishment or high damage.
   It can reach especially far, and its reaching attacks ignore other creatures
   in the way.
Missiles
 h - 82 poisoned darts (quivered)
 q - 14 curare-tipped darts
Armour
 n - a +2 hat of willpower (worn)
 R - the +8 kite shield "Agysofaq" (worn) {Int+6}
   (You bought it in a shop on level 1 of the Lair of Beasts)

   Int:       It affects your intelligence (+6).
Jewellery
 m - a ring of protection from fire (on tentacle)
 p - the ring "Anloq" {rC+ Str-3 Dex+2 Stlth+}
   (You took it off an ironbound convoker in the Desolation of Salt)

   [ring of protection from cold]

   Str:       It affects your strength (-3).
   Dex:       It affects your dexterity (+2).
   rC:        It protects you from cold.
   Stlth:     It makes you more stealthy.
 s - the amulet "Merphejiu" {Acrobat Slay+2}
   (You found it on level 4 of the Spider Nest)

   [amulet of the acrobat]

   It increases your evasion while moving and waiting.
   Slay:      It affects your accuracy & damage with ranged weapons and melee
   (+2).
 v - a ring of protection from cold (on tentacle)
 A - the amulet "Kuful" {Spirit rF- Regen+ rCorr Int+7}
   (You took it off a deep elf sorcerer on level 3 of the Elven Halls)

   [amulet of guardian spirit]

   It causes incoming damage to be divided between your reserves of health and
   magic.
   Int:       It affects your intelligence (+7).
   rF:        It makes you vulnerable to fire.
   Regen:     It increases your rate of health regeneration.
   rCorr:     It protects you from acid and corrosion.
 D - the ring of Nanayranod (on tentacle) {rPois rCorr Int+6 SInv Stlth-}
   (You took it off a deep elf elementalist on level 3 of the Elven Halls)

   [ring of intelligence]

   Int:       It affects your intelligence (+6).
   rPois:     It protects you from poison.
   SInv:      It lets you see invisible.
   rCorr:     It protects you from acid and corrosion.
   Stlth:     It makes you less stealthy.
 H - the ring "Puiliup" (right tentacle) {Wiz Drain rPois Str+9 Int+2 Dex-3}
   (You bought it in a shop on level 1 of the Elven Halls)

   [ring of wizardry]

   It improves your spell success rate.
   Str:       It affects your strength (+9).
   Int:       It affects your intelligence (+2).
   Dex:       It affects your dexterity (-3).
   rPois:     It protects you from poison.
   Drain:     It drains your maximum health when unequipped.
 K - a ring of positive energy (on tentacle)
 S - a ring of protection from fire (left tentacle)
 V - a +4 ring of protection (on tentacle)
 W - a ring of willpower (on tentacle)
 X - the amulet "Baelayfe" (around mantle) {Reflect rC+ Dex+7 Slay-3 SH+5}
   (You found it in the Desolation of Salt)

   [amulet of reflection]

   It reflects blocked missile attacks.
   Dex:       It affects your dexterity (+7).
   Slay:      It affects your accuracy & damage with ranged weapons and melee
   (-3).
   rC:        It protects you from cold.
   SH:        It affects your SH (+5).
 Y - a ring of wizardry
Wands
 B - a wand of digging (10)
 C - a wand of paralysis (3)
 F - a wand of acid (12)
 O - a wand of iceblast (8)
 P - a wand of mindburst (18)
 Q - a wand of flame (79)
Scrolls
 b - 8 scrolls of immolation
 c - a scroll of fog
 d - 10 scrolls of teleportation
 e - 3 scrolls of silence
 g - 3 scrolls of fear
 i - a scroll of brand weapon
 t - 4 scrolls of enchant armour
 x - 7 scrolls of vulnerability
 E - a scroll of blinking
 T - 2 scrolls of magic mapping
 Z - a scroll of summoning
Potions
 a - 3 potions of magic
 f - 7 potions of lignification
 j - 8 potions of curing
 k - 3 potions of resistance
 l - 11 potions of ambrosia
 o - 3 potions of attraction
 r - 6 potions of brilliance
 z - 5 potions of heal wounds
 I - 2 potions of might
 J - 2 potions of haste
 L - 4 potions of flight
 U - 2 potions of cancellation
Miscellaneous
 u - a phantom mirror
 M - a condenser vane (inert)
 N - a lightning rod (4/4)


   Skills:
 + Level 18.0 Fighting
 - Level 14.0 Polearms
 - Level 3.8 Dodging
 - Level 8.0 Stealth
 - Level 15.0 Shields
 - Level 10.0 Spellcasting
 - Level 5.0 Hexes
 - Level 11.0 Transmutations
 - Level 5.0 Ice Magic
 - Level 11.0 Earth Magic
 - Level 12.9 Evocations


You had 15 spell levels left.
You knew the following spells:

 Your Spells              Type           Power      Damage    Failure   Level
a - Sandblast             Erth           100%       2d20      1%          1
b - Passwall              Tmut/Erth      60%        N/A       1%          2
c - Slow                  Hex            48%        N/A       1%          2
d - Frozen Ramparts       Ice            96%        1d11      1%          3
e - Lee's Rapid Deconstr  Erth           36%        3d19*     1%          5
f - Yara's Violent Unrav  Hex/Tmut       30%        3d13      1%          5
g - Statue Form           Tmut/Erth      48%        N/A       1%          6

Your spell library contained the following spells:

 Spells                   Type           Power      Damage    Failure   Level
 Animate Skeleton         Necr           32%        N/A       1%          1
 Apportation              Tloc           32%        N/A       1%          1
 Beastly Appendage        Tmut           100%       N/A       1%          1
 Corona                   Hex            53%        N/A       1%          1
 Freeze                   Ice            100%       1d11      1%          1
 Magic Dart               Conj           64%        1d6       1%          1
 Pain                     Necr           64%        1d7       1%          1
 Shock                    Conj/Air       64%        1d7       1%          1
 Summon Small Mammal      Summ           64%        N/A       1%          1
 Blink                    Tloc           N/A        N/A       1%          2
 Call Imp                 Summ           16%        N/A       1%          2
 Corpse Rot               Necr/Air       N/A        N/A       1%          2
 Poisonous Vapours        Pois/Air       32%        N/A       1%          2
 Searing Ray              Conj           32%        3d4       1%          2
 Static Discharge         Conj/Air       16%        N/A       1%          2
 Sublimation of Blood     Necr           8%         N/A       1%          2
 Wereblood                Tmut           72%        N/A       1%          2
 Confusing Touch          Hex            48%        N/A       1%          3
 Dazzling Flash           Conj/Hex       64%        N/A       1%          3
 Ignite Poison            Fire/Tmut/Pois 39%        N/A       1%          3
 Inner Flame              Hex/Fire       32%        N/A       1%          3
 Ozocubu's Armour         Ice            48%        N/A       1%          3
 Spider Form              Tmut/Pois      25%        N/A       1%          3
 Ice Form                 Ice/Tmut       61%        N/A       1%          4
 Petrify                  Tmut/Erth      72%        N/A       1%          4
 Blade Hands              Tmut           36%        N/A       1%          5
 Conjure Flame            Conj/Fire      16%        6-21      3%          3
 Mephitic Cloud           Conj/Pois/Air  16%        N/A       3%          3
 Swiftness                Air            16%        N/A       3%          3
 Vampiric Draining        Necr           8%         2d7       3%          3
 Irradiate                Conj/Tmut      25%        3d22      3%          5
 Hailstorm                Conj/Ice       32%        3d8       4%          4
 Metabolic Englaciation   Hex/Ice        24%        N/A       4%          5
 Bolt of Magma            Conj/Fire/Erth 19%        4d10      8%          5
 Airstrike                Air            8%         N/A       12%         4
 Iskenderun's Mystic Bla  Conj/Tloc      16%        2d5       12%         4
 Passage of Golubria      Tloc           N/A        N/A       12%         4
 Sticky Flame             Conj/Fire      16%        2d4       12%         4
 Dragon Form              Tmut           36%        N/A       12%         7
 Freezing Cloud           Conj/Ice/Air   13%        6-21      17%         5
 Iron Shot                Conj/Erth      25%        9d5       19%         6
 Fireball                 Conj/Fire      8%         3d6       32%         5
 Lightning Bolt           Conj/Air       8%         1d20      32%         5
 Manifold Assault         Tloc           16%        N/A       32%         5
 Storm Form               Tmut/Air       25%        N/A       69%         7
 Ozocubu's Refrigeration  Ice            24%        4d9       75%         7
 Shadow Creatures         Summ           N/A        N/A       86%         6
 Starburst                Conj/Fire      8%         6d4       86%         6
 Discord                  Hex            24%        N/A       100%        8
 Lehudib's Crystal Spear  Conj/Erth      25%        10d7      100%        8
 Animate Armour           Summ/Erth      Unusable   N/A       N/A         4

Dungeon Overview and Level Annotations

Branches:
Dungeon (15/15)            Temple (1/1) D:7            Lair (6/6) D:8
 Shoals (1/4) Lair:3       Spider (4/4) Lair:2        Slime (0/5) Lair:5
    Orc (2/2) D:9             Elf (3/3) Orc:2        Vaults (0/5) D:13
 Depths (0/5) D:15        Ossuary (visited)           IceCv (visited)
Desolation (visited)

Altars:
Ashenzari
Cheibriados
Dithmenos
Elyvilon
Fedhas
Gozag
Hepliaklqana
Kikubaaqudgha
Makhleb
Nemelex Xobeh
Okawaru
Qazlal
Ru
Sif Muna
Trog
Uskayaw
Vehumet
Wu Jian
Xom
Yredelemnul
Zin
The Shining One
Jiyva

Shops:
D:1 *   D:11 ?   D:14 ?[*   Orc:2 ??:[   Elf:1 =   Lair:1 *:

Portals:
Abyss: Lair:4
Pandemonium: Orc:2

Annotations:
D:9 1 runed translucent door, Domino's ghost, novice MiBe
D:11 exclusions: downstairs and hydra, Nergalle
D:15 Agnes
Lair:2 exclusion: hydra
Lair:3 exclusion: downstairs
Lair:4 2 transporters, Domino's ghost, journeyman MiBe
Abyss:1 Arachne


Innate Abilities, Weirdness & Mutations

You are a living statue of rough stone.
Your actions are slow, but your melee attacks are powerful.
You are resistant to unholy torment.
Your maximum health is greatly increased.
You are immune to poison.
You cannot wear most types of armour.
You are amphibious.
You can wear up to eight rings at the same time.
Your skin changes colour to match your surroundings (Stealth+).
((Your rubbery body absorbs attacks. (AC +1, EV +1)))
((You are camouflaged near water. (Stealth+)))
You have tentacles for arms and can constrict up to eight enemies at once.
You are clumsy. (Dex -2)
You are occasionally teleported next to monsters.


Message History

The plant begins to die.
The plant is engulfed in blazing flames.
The plant begins to die.
The plant is engulfed in blazing flames.
The plant begins to die.
The plant is engulfed in blazing flames.
The plant begins to die.
The merfolk javelineer is engulfed in blazing flames.
The merfolk javelineer throws a silver javelin.
The silver javelin pierces through you!!
The silver sears you!
The merfolk javelineer is engulfed in blazing flames.
The merfolk javelineer throws a silver javelin.
The silver javelin pierces through you!!
* * * LOW HITPOINT WARNING * * *
The silver sears you!
* * * LOW HITPOINT WARNING * * *
The merfolk impaler is engulfed in blazing flames.
The merfolk javelineer is engulfed in blazing flames.
The merfolk javelineer throws a javelin.
The javelin pierces through you but does no damage.
The merfolk impaler is engulfed in blazing flames. x2
The manticore is engulfed in blazing flames.
The merfolk javelineer is engulfed in blazing flames.
The merfolk javelineer throws a javelin.
The javelin pierces through you but does no damage.
The javelin pierces through the plant!! x2
The merfolk javelineer is engulfed in blazing flames.
The merfolk javelineer throws a silver javelin.
The silver javelin pierces through you!
* * * LOW HITPOINT WARNING * * *
The silver sears you!
* * * LOW HITPOINT WARNING * * *
The merfolk javelineer is engulfed in blazing flames.
The merfolk javelineer throws a silver javelin.
The silver javelin pierces through you!
* * * LOW HITPOINT WARNING * * *
The silver sears you!
You die...
Your body crumbles into a pile of gold.

.. #..≈≈≈.P≈.≈
..#.≈≈≈....≈≈
.#...≈≈≈≈≈≈≈
≈§§§P≈≈≈≈≈≈
##§mm§§≈P≈≈≈
#§mmmm§≈P≈P≈ $
#§§§§P§≈≈≈≈≈
#..P8PPP≈P§P
#.....≈..PPHP
..≈.....$...§§§
..........PP≈P.
....(...P..P≈≈.
........P.≈P..#
........#..P..P
........##P.≈..


You could see 2 merfolk impalers, 4 merfolk javelineers and a manticore.

Levels and vault maps discovered:
D:1:      psy_arrival_spokes, layout_loops_ring, serial_shops, shop_fountains,
          corexii_corridor_pit, minmay_tall_x
D:2:      layout_basic, uniq_terence, uniq_robin
D:3:      layout_loops_ring, fedhas_altar_3, mainiacjoe_overflow_catwalk_spiral,
          hellmonk_ecumenical_altar_blasted, minmay_ruptured
D:4:      layout_basic, mainiacjoe_overflow_chevrons, uniq_sigmund
D:5:      layout_loops_ring, slow_altar_1, nicolae_ru_great_annihilating_truth,
          kennysheep_mini, st_stairs_12
D:6:      layout_loops_ring, lemuel_round_altar,
          nicolae_ossuary_entry_false_entrances, uniq_blork_the_orc
D:7:      minmay_the_grid_triangle_9x9_rhombus_thin
          [minmay_the_grid_triangle_9x9_checkered,
          minmay_the_grid_triangle_9x9_prize_top_heavy,
          minmay_the_grid_triangle_9x9_semitri,
          minmay_the_grid_triangle_9x9_thin_v], layout_cave_pools,
          minmay_temple_entry_enclosed_plants, serial_park_tiny_1,
          roderic_serpentine_path
D:8:      layout_loops_corners, nicolae_ashenzari_panopticon,
          mainiacjoe_overflow_six_doors_small, lair_entry_dummy
D:9:      layout_basic, mainiacjoe_overflow_concentric_impassable,
          hiddenorc1_lemuel, ebering_ghost_reflecting_pool, minivault_7
D:10:     layout_loops_ring, yredelemnul_forgotten_temple_becter,
          grunt_tough_drop
D:11:     layout_basic, serial_curves, eino_curves_02, eino_curves_03,
          small_statue_intersection, uniq_nergalle
D:12:     layout_roguey, uniq_frances, uniq_urug
D:13:     layout_long_grid, skrybe_vaults_entry_preservation, uniq_snorg,
          uniq_kirke, uniq_erolcha
D:14:     layout_grid_maze, grunt_gozag_statues, serial_shops, shop,
          nicolae_stop_n_shop_2, nicolae_square_shop, uniq_jorgrun
D:15:     grunt_enter_depths_hoard, layout_cave_pools, grunt_qazlal_clouds,
          uniq_agnes
Temple:   cyrus_temple_forest
Lair:1:   layout_gridlike, beast_lair_carwin_11, lemuel_fruit_tree,
          grunt_megastairs_5
Lair:2:   layout_small_grid, spider_nest_entry_funnel_web
Lair:3:   layout_layer_cave, minmay_shoals_entry_beasts, uniq_fannar
Lair:4:   layout_loops_ring, portal_ice_cave_demonic_guard,
          gammafunk_ghost_abyssal_escape
Lair:5:   layout_gridlike, dpeg_slime_entry_enclosed_altar, fungi_pond_lemuel
Lair:6:   guppyfry_lair_end_dragon, layout_hall_layers,
          kennysheep_abandoned_house, grunt_megastairs_2
Shoals:1: layout_shoals, nicolae_shoals_pincushion_passage
Spider:1: layout_spider_delve, hangedman_spider_tarantella_strand
Spider:2: layout_chambers, uniq_arachne
Spider:3: layout_spider_delve, nicolae_spider_undead_wolf_pack, uniq_asterion
Spider:4: spider_rune_water
Orc:1:    layout_diamond_mine, uniq_erica
Orc:2:    pf_orc_diabolical, layout_diamond_mine
Elf:1:    eino_elf_arrival_sip, layout_onion_city, serial_shops, shop,
          minmay_elf_sorcery, minmay_elf_annihilation
Elf:2:    nicolae_elf_blades_crystal_corner, layout_geoelf_grid,
          portal_desolation_entry_garden, lemuel_flamethrower_hall,
          lemuel_upstairs_altar
Elf:3:    minmay_elf_hall_quartered_circle, layout_gridlike,
          roderic_lattice_octagonal_star

Notes
Turn   | Place    | Note
-------+----------+-------------------------------------------
     0 | D:1      | ABBCCCDDDD the Octopode Monk began the quest for the Orb.
     0 | D:1      | Reached XP level 1. HP: 16/16 MP: 1/1
    57 | D:1      | Reached XP level 2. HP: 20/21 MP: 2/2
   505 | D:1      | Found Apeot's Assorted Antiques.
   955 | D:2      | Reached XP level 3. HP: 21/26 MP: 3/3
  1074 | D:2      | Identified the +0 helmet of Theory {rElec rPois Int+9}
  1074 | D:2      | Noticed Robin
  1224 | D:2      | Noticed Terence
  1255 | D:2      | Reached XP level 4. HP: 24/32 MP: 4/4
  2218 | D:2      | Killed Robin
  2550 | D:3      | Found a bloodstained altar of Trog.
  2557 | D:3      | Found a hide-covered altar of Uskayaw.
  2643 | D:3      | Found a blossoming altar of Fedhas.
  2725 | D:3      | Found a faded altar of an unknown god.
  3386 | D:4      | Reached skill level 4 in Fighting
  3386 | D:4      | Reached XP level 5. HP: 37/37 MP: 5/5
  3511 | D:4      | Noticed Sigmund
  3838 | D:4      | Found a shimmering altar of Xom.
  3848 | D:4      | Reached skill level 5 in Stealth
  4243 | D:5      | Entered Level 5 of the Dungeon
  4256 | D:5      | Found a sacrificial altar of Ru.
  4262 | D:5      | Reached XP level 6. HP: 44/44 MP: 6/6
  4861 | D:5      | Reached skill level 5 in Fighting
  5121 | D:5      | Reached skill level 5 in Polearms
  5121 | D:5      | Reached XP level 7. HP: 36/50 MP: 7/7
  5259 | D:5      | Found a snail-covered altar of Cheibriados.
  6147 | D:5      | Reached skill level 6 in Fighting
  6891 | D:6      | Found a sand-covered staircase.
  6989 | D:6      | Found an ornate altar of the Wu Jian Council.
  7056 | D:6      | Reached XP level 8. HP: 45/58 MP: 8/8
  7380 | Ossuary  | Entered an ossuary
  7997 | Ossuary  | Reached skill level 7 in Fighting
  8466 | D:6      | Learned a level 1 spell: Sandblast
  8623 | D:6      | Reached skill level 1 in Evocations
  8846 | D:6      | Noticed Blork the orc
  9332 | D:7      | Noticed a wyvern
  9981 | D:1      | Bought a transparent trident for 187 gold pieces
  9981 | D:1      | Identified the +12 trident of the Snake Pit {protect, rElec
                  | rC+ Will++} (You bought it in a shop on level 1 of the
                  | Dungeon)
 10042 | D:2      | Learned a level 2 spell: Passwall
 10051 | D:2      | Killed Terence
 10138 | D:4      | Killed Sigmund
 10139 | D:4      | Reached skill level 8 in Fighting
 10139 | D:4      | Reached XP level 9. HP: 66/66 MP: 9/9
 10231 | D:5      | Found a shadowy altar of Dithmenos.
 11469 | D:7      | Reached skill level 5 in Evocations
 11598 | D:7      | Found a staircase to the Ecumenical Temple.
 11646 | Temple   | Entered the Ecumenical Temple
 11698 | Temple   | Became a worshipper of Gozag Ym Sagoz the Greedy
 11766 | D:7      | Reached skill level 9 in Fighting
 12079 | D:7      | Noticed a skeletal warrior
 12079 | D:7      | Noticed a troll
 12099 | D:7      | Reached XP level 10. HP: 57/74 MP: 10/10
 12225 | D:8      | Found a broken altar of Ashenzari.
 12411 | D:8      | Noticed a two-headed ogre
 12419 | D:8      | Killed a two-headed ogre
 12420 | D:8      | Reached skill level 10 in Fighting
 12540 | D:8      | Found a staircase to the Lair.
 12615 | D:8      | Found a stormy altar of Qazlal.
 13143 | D:9      | Reached skill level 1 in Transmutations
 13143 | D:9      | Reached skill level 1 in Earth Magic
 13164 | D:9      | Reached skill level 1 in Spellcasting
 13199 | D:9      | Found a staircase to the Orcish Mines.
 13232 | D:9      | Found a burning altar of Makhleb.
 13251 | D:9      | Reached skill level 10 in Polearms
 13266 | D:9      | Noticed a two-headed ogre
 13327 | D:9      | Killed a two-headed ogre
 13351 | D:9      | Noticed a gargoyle
 13361 | D:9      | Killed a gargoyle
 13799 | D:9      | Reached XP level 11. HP: 77/81 MP: 15/15
 14050 | D:9      | Found a runed translucent door.
 14056 | D:9      | Noticed Domino's ghost (novice MiBe)
 14399 | D:10     | Entered Level 10 of the Dungeon
 14675 | D:10     | Noticed a centaur warrior
 14675 | D:10     | Noticed a wizard
 15019 | Lair:1   | Entered Level 1 of the Lair of Beasts
 15031 | Lair:1   | Learned a level 2 spell: Slow
 15046 | Lair:1   | Noticed an eight-headed hydra
 15303 | Lair:1   | Identified a scroll of acquirement
 15304 | Lair:1   | Acquired a +1 hat of willpower
 15351 | Lair:1   | Reached skill level 1 in Hexes
 15937 | Lair:2   | Learned a level 3 spell: Frozen Ramparts
 16016 | Lair:2   | Noticed a four-headed hydra
 16130 | Lair:2   | Reached skill level 1 in Ice Magic
 16466 | Lair:2   | Found a hole to the Spider Nest.
 16467 | Lair:2   | Noticed a wolf spider
 16469 | Lair:2   | Noticed a wolf spider
 16593 | Lair:2   | Reached skill level 5 in Transmutations
 16603 | Lair:2   | Reached skill level 5 in Earth Magic
 16943 | Lair:2   | Noticed a five-headed hydra
 17403 | Lair:3   | Reached XP level 12. HP: 58/87 MP: 18/18
 17742 | Lair:3   | Reached skill level 5 in Ice Magic
 18051 | Lair:3   | Noticed Fannar
 18130 | Lair:3   | Reached skill level 5 in Spellcasting
 18774 | Lair:3   | You fall into a shaft and drop 2 floors!
 18951 | Lair:4   | Found a frozen archway.
 18979 | IceCv    | Entered an ice cave
 19823 | IceCv    | Noticed a white draconian
 19841 | IceCv    | Learned a level 5 spell: Lee's Rapid Deconstruction
 19847 | IceCv    | Learned a level 5 spell: Yara's Violent Unravelling
 20030 | IceCv    | Killed a white draconian
 20867 | IceCv    | Got the Almanac of the Creative Oath
 21541 | Lair:4   | Reached skill level 11 in Fighting
 21614 | Lair:4   | Noticed a tentacled starspawn
 21643 | Lair:4   | Found a transporter.
 21650 | Lair:4   | Found a transporter.
 21661 | Lair:4   | Noticed a rakshasa
 21666 | Lair:4   | Noticed Domino's ghost (journeyman MiBe)
 21675 | Lair:4   | Found a one-way gate to the infinite horrors of the Abyss.
 21692 | Lair:4   | Reached XP level 13. HP: 95/95 MP: 22/22
 22148 | Lair:3   | Killed Fannar
 22494 | Lair:3   | Found a staircase to the Shoals.
 23496 | Lair:5   | Reached skill level 1 in Shields
 23832 | Lair:5   | Found a viscous altar of Jiyva.
 23833 | Lair:5   | Found a staircase to the Slime Pits.
 25009 | Lair:5   | You fall into a shaft and drop 1 floor!
 25009 | Lair:6   | Entered Level 6 of the Lair of Beasts
 25412 | Lair:1   | Bought a dazzling kite shield for 361 gold pieces
 25412 | Lair:1   | Identified the +8 kite shield "Agysofaq" {Int+6} (You
                  | bought it in a shop on level 1 of the Lair of Beasts)
 25480 | D:6      | Killed Blork the orc
 26062 | Orc:1    | Entered Level 1 of the Orcish Mines
 26898 | Orc:1    | Noticed Erica
 26909 | Orc:1    | Killed Erica
 27214 | Orc:2    | Entered Level 2 of the Orcish Mines
 27341 | Orc:2    | Reached skill level 12 in Fighting
 27455 | Orc:2    | Found Liobrasm's Magic Scroll Boutique.
 27493 | Orc:2    | Reached skill level 5 in Shields
 27740 | Orc:2    | Found Oxzeetoy's Magic Scroll Shop.
 27762 | Orc:2    | Reached XP level 14. HP: 72/103 MP: 16/23
 28483 | Orc:2    | Bought a scroll of blinking for 105 gold pieces
 28483 | Orc:2    | Bought a scroll of teleportation for 42 gold pieces
 28483 | Orc:2    | Bought a scroll of noise for 14 gold pieces
 28483 | Orc:2    | Bought a scroll of fog for 28 gold pieces
 28483 | Orc:2    | Bought a scroll of magic mapping for 49 gold pieces
 28486 | Orc:2    | Bought a scroll of teleportation for 42 gold pieces
 28486 | Orc:2    | Bought a scroll of identify for 28 gold pieces
 28486 | Orc:2    | Bought a scroll of identify for 28 gold pieces
 28486 | Orc:2    | Bought a scroll of identify for 28 gold pieces
 28486 | Orc:2    | Bought a scroll of blinking for 105 gold pieces
 28486 | Orc:2    | Bought a scroll of summoning for 133 gold pieces
 28486 | Orc:2    | Bought a scroll of fear for 49 gold pieces
 28716 | Orc:2    | Found a staircase to the Elven Halls.
 29232 | Orc:2    | Reached skill level 5 in Hexes
 29697 | Orc:2    | Found Intod's Antique Armour Shoppe.
 29697 | Orc:2    | Found Fethrucull's Book Emporium.
 29726 | Orc:2    | Found a one-way gate leading to the halls of Pandemonium.
 29731 | Orc:2    | Bought a book of Sloth for 612 gold pieces
 29738 | Orc:2    | Learned a level 6 spell: Statue Form
 30146 | D:10     | Found a basalt altar of Yredelemnul.
 32179 | D:11     | Noticed Nergalle
 32410 | D:12     | Noticed Urug
 32447 | D:11     | Identified the +10 war axe "Nivopeg" {spect, Dex+3}
 32680 | D:12     | Noticed Frances
 33267 | D:12     | Gained mutation: You are clumsy. (Dex -2) [mutagenic glow]
 34354 | D:13     | Reached XP level 15. HP: 74/108 MP: 15/24
 34496 | D:13     | Reached skill level 10 in Earth Magic
 34501 | D:13     | Noticed Kirke
 34506 | D:13     | Reached skill level 10 in Transmutations
 34506 | D:13     | Noticed Erolcha
 34534 | D:13     | Killed Erolcha
 34672 | D:13     | Noticed Snorg
 34687 | D:13     | Killed Snorg
 35201 | D:13     | Killed Kirke
 35327 | D:13     | Found a gate to the Vaults.
 36307 | D:12     | Killed Urug
 36349 | D:12     | Killed Frances
 36530 | D:14     | Found Sitid's Armour Shop.
 36658 | D:14     | Found Dakkoc's Assorted Antiques.
 36668 | D:14     | Bought a scroll labelled GAUT TUFUFY for 34 gold pieces
 36668 | D:14     | Bought a steel ring for 170 gold pieces
 36668 | D:14     | Bought an iron ring for 170 gold pieces
 36668 | D:14     | Bought a scroll labelled NAUNOZXO ZIA for 34 gold pieces
 36702 | D:14     | Bought a scroll of identify for 68 gold pieces
 36805 | D:14     | Found an opulent altar of Gozag.
 37050 | D:14     | Found Romyupsi's Magic Scroll Shoppe.
 37056 | D:14     | Bought a scroll of acquirement for 832 gold pieces
 37056 | D:14     | Bought a scroll of teleportation for 48 gold pieces
 37056 | D:14     | Acquired the +8 demon trident "Rift" {distort, reach+}
 37056 | D:14     | Found the +8 demon trident "Rift" {distort, reach+}
 37192 | D:15     | Entered Level 15 of the Dungeon
 37242 | D:15     | Noticed Agnes
 37610 | Spider:1 | Entered Level 1 of the Spider Nest
 39224 | Shoals:1 | Entered Level 1 of the Shoals
 39544 | D:14     | Noticed Jorgrun
 40030 | D:14     | Killed Jorgrun
 40031 | D:14     | Reached XP level 16. HP: 114/114 MP: 15/29
 41251 | D:15     | Found a staircase to the Depths.
 41444 | D:15     | Found a stormy altar of Qazlal.
 41927 | D:15     | Reached skill level 10 in Spellcasting
 42755 | Elf:1    | Entered Level 1 of the Elven Halls
 42899 | Elf:1    | Got the Incunabulum of Combat Magic
 42908 | Elf:1    | Paralysed by an air elemental for 1 turns
 43285 | Elf:1    | Got the Reference Book on Creative Confrontation
 43695 | Elf:1    | Reached skill level 10 in Shields
 43737 | Elf:1    | Found Piotupasm's Jewellery Shop.
 43741 | Elf:1    | Bought the ring "Puiliup" {Wiz Drain rPois Str+9 Int+2
                  | Dex-3} for 681 gold pieces
 44315 | Elf:2    | Found a crumbling gateway.
 44379 | Desolati | Entered the Desolation of Salt
 44660 | Desolati | Reached XP level 17. HP: 117/119 MP: 23/31
 45011 | Desolati | Identified the ring "Anloq" {rC+ Str-3 Dex+2 Stlth+}
 45065 | Desolati | Identified the +2 rapier "Ymat Neb" {flame, *Slow +Blink
                  | rPois}
 45844 | Desolati | Identified the +7 bardiche of Qazlal's Vengeance {holy,
                  | *Rage Fly rN++}
 46169 | Desolati | Got the Volume of Creation and Attacks
 46171 | Desolati | Identified the amulet "Baelayfe" {Reflect rC+ Dex+7 Slay-3
                  | SH+5}
 46459 | Desolati | Got Muemopnoank's Papyrus of Hurtful Transmigration
 46461 | Desolati | Got the Compendium of a Hundred Defenders
 47127 | Elf:2    | Reached skill level 15 in Shields
 47134 | Elf:2    | Reached XP level 18. HP: 126/126 MP: 30/32
 47336 | Elf:2    | Found a runed translucent gate.
 47337 | Elf:2    | Found a runed translucent gate.
 47337 | Elf:2    | Found a runed translucent gate.
 48131 | Elf:2    | Reached skill level 10 in Evocations
 48159 | Elf:2    | Reached skill level 13 in Fighting
 48490 | Elf:3    | Entered Level 3 of the Elven Halls
 48699 | Elf:3    | Noticed a deep elf blademaster
 48701 | Elf:3    | Noticed a deep elf master archer
 48708 | Elf:3    | Killed a deep elf master archer
 49108 | Elf:2    | Found a radiant altar of Vehumet.
 49305 | Elf:3    | Noticed a deep elf master archer
 49313 | Elf:3    | Identified the ring of Nanayranod {rPois rCorr Int+6 SInv
                  | Stlth-}
 49318 | Elf:3    | Reached skill level 14 in Fighting
 49320 | Elf:3    | Identified the ring of Xiuttie {Ice rN+ MP+9 Int-4}
 49323 | Elf:3    | Killed a deep elf blademaster
 49323 | Elf:3    | Identified the +2 broad axe of Uskayaw's Condemnation
                  | {venom, rPois}
 49323 | Elf:3    | Identified the amulet "Kuful" {Spirit rF- Regen+ rCorr
                  | Int+7}
 49332 | Elf:3    | Killed a deep elf master archer
 49336 | Elf:3    | Reached XP level 19. HP: 136/136 MP: 30/33
 49620 | Elf:3    | Identified the +10 shortbow "Lojaoqomm" {flame, Drain rF++}
 49630 | Elf:3    | Noticed a Brimstone Fiend
 49714 | Elf:3    | Got Adoxaqer's Handbook of Conjuration and Translocation
 49719 | Elf:3    | Identified the +8 shortbow of Light {flame, Str+3 SInv}
 49723 | Elf:3    | Identified the +6 hand crossbow "Ytiron" {flame, rPois rC+
                  | rN+}
 49856 | Elf:3    | Paralysed by an air elemental for 1 turns
 49859 | Elf:3    | Paralysed by an air elemental for 1 turns
 51044 | Spider:2 | Reached skill level 15 in Fighting
 51065 | Spider:2 | Noticed Arachne
 51099 | Spider:2 | Banished Arachne
 52489 | Spider:3 | Noticed Asterion
 52494 | Spider:2 | Reached skill level 16 in Fighting
 52734 | Spider:2 | Gained mutation: You are occasionally teleported next to
                  | monsters. [a cacodemon]
 52736 | Spider:2 | Killed Asterion
 53510 | Spider:4 | Entered Level 4 of the Spider Nest
 53657 | Spider:4 | Reached skill level 17 in Fighting
 53739 | Spider:4 | Reached XP level 20. HP: 151/151 MP: 32/34
 53824 | Spider:4 | Identified the amulet "Merphejiu" {Acrobat Slay+2}
 54463 | Spider:4 | Reached skill level 18 in Fighting
 54663 | Spider:4 | Got a gossamer rune of Zot
 55083 | Shoals:1 | HP: 5/198 [merfolk javelineer/silver javelin (12)]
 55083 | Shoals:1 | Hit by a silver javelin thrown by a merfolk javelineer

Table legend: (Time is in decaauts)
 A = Elapsed time spent in this place.
 B = Non-inter-level travel time spent in this place.
 C = Inter-level travel time spent in this place.
 D = Time resting spent in this place.
 E = Time spent auto-exploring this place.
 F = Levels seen in this place.
 G = Mean time per level.
                   A        B        C        D        E       F      G
               +--------+--------+--------+--------+--------+-----+--------+
         Total |  57628 |  53863 |   3765 |  15583 |  26234 |  35 | 1646.5 |
       Dungeon |  26400 |  23967 |   2433 |   7157 |  11478 |  15 | 1760.0 |
        Temple |     85 |     46 |     39 |      0 |     38 |   1 |   85.0 |
          Lair |   9592 |   8984 |    608 |   2654 |   4386 |   6 | 1598.7 |
        Shoals |     33 |     33 |      0 |      0 |      0 |   1 |   33.0 |
   Spider Nest |   5760 |   5607 |    153 |   1030 |   3540 |   4 | 1440.0 |
  Orcish Mines |   3330 |   3103 |    227 |    970 |   1285 |   2 | 1665.0 |
   Elven Halls |   6810 |   6508 |    302 |   1079 |   4073 |   3 | 2270.0 |
       Ossuary |    952 |    952 |      0 |    548 |    249 |   1 |  952.0 |
      Ice Cave |   1931 |   1931 |      0 |   1405 |     63 |   1 | 1931.0 |
    Desolation |   2731 |   2731 |      0 |    738 |   1122 |   1 | 2731.0 |
               +--------+--------+--------+--------+--------+-----+--------+

Top non-repeatable levels by time:
  Lair:3: 2865 daAuts
  Lair:2: 2806 daAuts
     D:6: 2783 daAuts
Desolation: 2731 daAuts
     D:5: 2715 daAuts
    D:13: 2706 daAuts
   Elf:2: 2423 daAuts
   Elf:3: 2410 daAuts
   Orc:2: 2379 daAuts
    D:14: 2322 daAuts
Spider:2: 2305 daAuts
     D:9: 2117 daAuts
   Elf:1: 1976 daAuts
   IceCv: 1931 daAuts
    D:11: 1918 daAuts

Table legend:
 A = Kills in this place as a percentage of kills in entire the game.
 B = Kills by you in this place as a percentage of kills by you in the entire game.
 C = Kills by friends in this place as a percentage of kills by friends in the entire game.
 D = Other kills in this place as a percentage of other kills in the entire game.
 E = Experience gained in this place as a percentage of experience gained in the entire game.
 F = Experience gained in this place divided by the number of levels of this place that you have seen.
                   A       B       C       D       E      F
               +-------+-------+-------+-------+-------+----------------------
         Total | 100.0 | 100.0 | 100.0 | 100.0 | 100.0 | 12177.0
       Dungeon |  32.7 |  34.4 | 100.0 |   0.0 |  18.2 | 5177.6
          Lair |  11.4 |  12.1 |   0.0 |   0.0 |   9.2 | 6507.8
        Shoals |   0.2 |   0.1 |   0.0 |   1.6 |   0.3 | 1157.0
   Spider Nest |  18.6 |  18.3 |   0.0 |  24.6 |  21.3 | 22681.2
  Orcish Mines |   8.1 |   8.5 |   0.0 |   0.0 |   4.6 | 9747.5
   Elven Halls |  14.6 |  12.2 |   0.0 |  59.0 |  32.7 | 46466.7
       Ossuary |   2.7 |   2.9 |   0.0 |   0.0 |   0.1 | 254.0
      Ice Cave |   2.4 |   2.5 |   0.0 |   0.0 |   1.0 | 4185.0
    Desolation |   9.3 |   9.0 |   0.0 |  14.8 |  12.7 | 54267.0
               +-------+-------+-------+-------+-------+----------------------

Action                   |  1- 3 |  4- 6 |  7- 9 | 10-12 | 13-15 | 16-18 | 19-21 || total
-------------------------+-------+-------+-------+-------+-------+-------+-------++-------
Melee: Spear             |    87 |   173 |   325 |       |       |       |       ||   585
       Tentacles         |    11 |    39 |    65 |   121 |   295 |   135 |   104 ||   770
       Constrict         |    15 |    28 |    51 |    59 |   139 |   122 |    91 ||   505
       Trident           |       |       |   109 |   565 |  1258 |   176 |       ||  2108
       Demon trident     |       |       |       |       |       |   749 |   631 ||  1380
Throw: Dart              |       |     7 |    64 |    43 |    44 |    21 |     1 ||   180
 Cast: Slow              |       |       |       |       |    14 |       |       ||    14
       Passwall          |       |       |       |       |     2 |       |       ||     2
       Statue Form       |       |       |       |       |    19 |    91 |    42 ||   152
       Frozen Ramparts   |       |       |       |       |     1 |     1 |       ||     2
       Lee's Rapid Decon |       |       |       |       |       |     1 |       ||     1
Invok: Call Merchant     |       |       |       |       |     3 |       |       ||     3
Evoke: Wand              |       |       |       |       |    29 |     6 |       ||    35
       Condenser vane    |       |       |       |       |       |     1 |     3 ||     4
  Use: Potion            |       |       |     3 |       |     4 |     1 |       ||     8
       Scroll            |       |       |       |    11 |    22 |     4 |     1 ||    38
 Stab: Sleeping          |     6 |    24 |    28 |    15 |    23 |    20 |     6 ||   122
       Distracted        |     2 |     1 |     3 |     9 |    20 |    13 |     7 ||    55
       Invisible         |       |     1 |       |       |       |       |       ||     1
       Fleeing           |       |       |       |     1 |       |       |       ||     1
       Paralysed         |       |       |       |       |    12 |       |       ||    12
       Held in net/web   |       |       |       |       |       |       |     1 ||     1
Armor: Skin              |     3 |     8 |    29 |    78 |   398 |   303 |   286 ||  1105
Dodge: Dodged            |    38 |    59 |   137 |   241 |   544 |   259 |   194 ||  1472
Block: Buckler           |       |       |       |       |   233 |   142 |       ||   375
       Kite shield       |       |       |       |       |       |   163 |   645 ||   808
       Reflection        |       |       |       |       |       |       |     1 ||     1

Vanquished Creatures
  Jorgrun (D:14)
  2 deep elf master archers (Elf:3)
  Asterion (Spider:2)
  A deep elf blademaster (Elf:3)
  Frances (D:12)
  Kirke (D:13)
  7 deep elf sorcerers
  4 ghost moths (Spider:4)
  An imperial myrmidon (Desolation)
  2 emperor scorpions
  7 deep elf elementalists (Elf:3)
  An ironbound preserver (D:13)
  Snorg (D:13)
  A deep elf demonologist (Elf:3)
  9 deep elf annihilators
  A white draconian (IceCv)
  2 entropy weavers
  3 spark wasps (Spider:4)
  A halazid warlock (Desolation)
  8 deep elf death magi
  A merfolk javelineer (Shoals:1)
  2 fire dragons (D:15)
  3 deep elf high priests (Elf:3)
  Fannar (Lair:3)
  A rakshasa (D:14)
  3 ragged hierophants (Desolation)
  3 hydras
  7 servants of whispers (Desolation)
  9 peacekeepers (Desolation)
  4 boulder beetles
  Erolcha (D:13)
  6 centaur warriors
  2 death knights (D:15)
  3 two-headed ogres
  Erica (Orc:1)
  3 death yaks
  4 orc high priests
  Urug (D:12)
  14 deep elf knights
  2 sun demons (Orc:2)
  13 skeletal warriors
  A torturous demonspawn (Orc:2)
  4 ironbound convokers (Desolation)
  13 deep elf archers
  4 orc knights (Orc:2)
  4 spectral wolf spiders (Spider:3)
  A wizard (D:10)
  34 deep elf pyromancers
  22 deep elf zephyrmancers
  An orb spider (shapeshifter) (D:13)
  16 orb spiders
  3 wolf spider zombies (Spider:3)
  A salamander (shapeshifter) (D:14)
  10 ugly things
  9 orc sorcerers
  24 wolf spiders
  4 cyclopes
  3 manticores
  8 elephants
  3 moths of wrath
  10 guardian serpents (Desolation)
  3 black mambas
  2 molten gargoyles (Desolation)
  4 gargoyles
  An unseen horror (D:11)
  2 ice statues (IceCv)
  9 cane toads
  6 ice devils
  7 rime drakes
  6 demonic crawlers
  3 efreet
  A kobold demonologist (D:10)
  7 komodo dragons
  45 jumping spiders
  A troll (shapeshifter) (D:15)
  A queen bee (D:9)
  6 trolls
  A wind drake (Lair:3)
  8 hornets
  A hornet (shapeshifter) (Elf:2)
  8 slime creatures
  12 blink frogs
  7 wolf spider simulacra
  11 dream sheep
  62 saltlings (Desolation)
  2 air elementals
  2 vampires
  A shadow (D:13)
  A hog (shapeshifter) (D:15)
  Sigmund (D:4)
  59 redbacks
  2 water elementals (Elf:1)
  A ynoxinul (Orc:2)
  4 hogs (D:13)
  26 tarantellas
  5 wyverns
  2 wraiths (D:15)
  2 fire elementals (Elf:3)
  27 yaks
  A golden eye (shapeshifter) (D:14)
  4 basilisks
  23 vampire mosquitoes
  6 acid dragons
  A warg (Orc:1)
  4 water moccasins
  25 orc warriors
  2 ice beasts (D:6)
  5 sky beasts
  A necrophage (D:6)
  A black bear (Lair:1)
  12 wolves
  6 ogres
  12 centaurs
  A phantom (D:5)
  2 kobold brigands
  Blork the orc (D:6)
  16 bullfrogs
  3 earth elementals
  2 scorpions
  17 killer bees (D:9)
  4 wights
  4 lindwurm simulacra (IceCv)
  3 electric eels
  A lava snake (Lair:1)
  A howler monkey (D:13)
  4 centaur zombies
  6 komodo dragon simulacra (IceCv)
  A bullfrog zombie (D:5)
  2 jellies
  27 orc priests
  5 hounds
  A gnoll shaman (D:6)
  Terence (D:2)
  A centaur skeleton (D:5)
  4 iguanas
  A scorpion zombie (D:5)
  14 orc wizards
  2 killer bee zombies
  14 mummies
  A howler monkey zombie (D:6)
  Robin (D:2)
  11 gnolls
  5 acid dragon simulacra (IceCv)
  6 adders
  3 white imps
  6 steam dragon simulacra (IceCv)
  An ufetubus (D:4)
  2 worms (D:2)
  A dart slug (D:2)
  63 orcs
  6 bats
  3 endoplasms (D:1)
  5 giant cockroaches
  11 goblins
  12 hobgoblins
  5 jackals (D:2)
  20 kobolds
  3 quokkas
  5 ball pythons
  4 frilled lizards
  5 gnoll skeletons (Ossuary)
  A goblin skeleton (Ossuary)
  A kobold skeleton (Ossuary)
  An orc skeleton (Ossuary)
  4 rats
  11 rat skeletons (Ossuary)
  A spectral orc (D:10)
  A fire vortex (Lair:1)
  13 pillars of salt (Elf:2)
1116 creatures vanquished.

Vanquished Creatures (collateral kills)
  A two-headed ogre (D:13)
  A kobold demonologist (D:13)
2 creatures vanquished.

Vanquished Creatures (others)
  26 dancing weapons
  2 deep elf knights (Elf:2)
  A deep elf pyromancer (Elf:2)
  A manticore (D:13)
  A merfolk (Shoals:1)
  A jumping spider (Spider:4)
  A tarantella (Spider:1)
  A human (D:13)
  26 fungi
  2 pillars of salt (Elf:2)
  49 plants
111 creatures vanquished.

Grand Total: 1229 creatures vanquished
